Map: [ESL] Data-C

Players

maru - Winner!

  • Race: Terran Terran
  • League: Diamond
  • Spawn Location: 9:00

ByuN

  • Race: Terran Terran
  • League: Diamond
  • Spawn Location: 3:00

Event: TSL 9

VOD

Have the link to the VOD?

Description

Time

  • Played on: Sept. 2, 2022, 12:10 p.m.
  • Length: 25:02

All games in this series

Show
View Real Time Build Order
Export as new Build Order

maru Terran - Winner!

Build Orders:  

Get SALT Encoding   

  12  0:00  SCV  
  13  0:12  SCV  
  14  0:16  Supply Depot  
  14  0:24  SCV  
  15  0:38  SCV  
  15  0:39  Barracks  
  16  0:43  Refinery  
  16  0:50  SCV  
  16  0:53  Refinery  
  17  1:02  SCV  
  18  1:14  SCV  
  19  1:26  Reaper, Orbital Command  
  20  1:35  Supply Depot  
  20  1:42  Factory  
  20  1:52  SCV  
  21  2:00  Barracks Reactor  
  21  2:04  SCV  
  22  2:16  SCV  
  22  2:21  Command Center  
  23  2:28  Hellion  
  25  2:30  SCV  
  27  2:37  Reaper x2  
  27  2:41  Supply Depot  
  27  2:43  SCV  
  29  2:49  Hellion  
  31  2:58  Starport  
  31  3:02  SCV  
  32  3:12  Marine x2  
  34  3:13  Factory Tech Lab  
  34  3:14  SCV  
  35  3:23  Refinery  
  35  3:27  SCV  
  36  3:32  Cyclone  
  39  3:38  Orbital Command  
  39  3:39  SCV  
  34  3:51  SCV, Marine x2  
  34  3:53  Medivac  
  39  4:03  SCV  
  39  4:04  SCV  
  39  4:07  Siege Tank  
  43  4:10  Marine  
  43  4:12  Marine  
  43  4:15  SCV  
  43  4:16  Supply Depot, SCV  
  47  4:23  Starport Tech Lab  
  47  4:27  SCV  
  47  4:28  SCV, Marine  
  47  4:30  Marine  
  51  4:39  SCV  
  51  4:40  SCV  
  52  4:46  Raven, Marine  
  52  4:47  Siege Tank  
  52  4:48  Marine  
  52  4:51  Supply Depot, SCV  
  52  4:52  SCV  
  61  5:03  SCV  
  61  5:04  SCV, Marine  
  58  5:15  SCV  
  58  5:17  SCV  
  53  5:25  Command Center  
  53  5:28  SCV  
  54  5:29  SCV  
  54  5:30  Raven  
  54  5:32  Siege Tank  
  60  5:35  Supply Depot  
  60  5:40  SCV  
  60  5:41  SCV  
  62  5:47  Supply Depot  
  62  5:48  Refinery  
  62  5:52  SCV  
  62  5:53  SCV  
  62  6:04  SCV  
  62  6:05  SCV  
  63  6:13  Raven  
  63  6:14  Marine  
  63  6:15  Siege Tank, Marine  
  63  6:16  SCV  
  63  6:17  SCV  
  72  6:22  Barracks  
  72  6:23  Barracks  
  72  6:28  SCV  
  72  6:29  SCV  
  74  6:33  Engineering Bay x2  
  74  6:37  Orbital Command  
  74  6:40  SCV  
  74  6:41  SCV  
  74  6:43  Marine x2  
  78  6:47  Supply Depot  
  78  6:48  Siege Tank  
  78  6:52  SCV  
  78  6:53  SCV  
  83  7:00  Terran Infantry Weapons Level 1  
  83  7:01  Terran Infantry Armor Level 1  
  83  7:04  SCV  
  80  7:14  Orbital Command  
  77  7:17  Viking x2  
  77  7:18  Barracks Reactor x2  
  77  7:19  Marine  
  77  7:20  SCV  
  82  7:23  Supply Depot, Barracks  
  82  7:25  SCV  
  82  7:26  Barracks  
  83  7:32  SCV  
  83  7:37  SCV, Siege Tank, Marine  
  87  7:39  SCV  
  87  7:42  Supply Depot  
  90  7:44  SCV  
  90  7:45  Missile Turret  
  90  7:47  Missile Turret  
  90  7:49  SCV  
  92  7:51  SCV  
  92  7:52  Sensor Tower  
  92  7:54  Marine  
  92  7:55  Marine x4  
  92  7:56  SCV  
  99  8:00  Refinery  
  99  8:01  Refinery, SCV  
  99  8:03  SCV  
  99  8:04  Supply Depot  
  101  8:09  Missile Turret  
  101  8:12  Barracks Reactor  
  101  8:13  Barracks Reactor  
  101  8:14  Armory  
  101  8:15  SCV  
  104  8:21  Marine x2  
  104  8:22  Marine x2  
  104  8:24  SCV x2  
  110  8:28  SCV  
  110  8:32  Barracks Tech Lab  
  111  8:36  SCV x2, Siege Tank  
  111  8:38  Viking x2  
  111  8:40  SCV  
  117  8:47  Command Center  
  117  8:48  SCV  
  117  8:49  SCV  
  117  8:50  Marine  
  117  8:51  Supply Depot  
  117  8:52  Missile Turret  
  117  8:54  Marine x3  
  123  8:59  Factory  
  123  9:00  Supply Depot  
  123  9:01  Terran Vehicle Weapons Level 1  
  123  9:04  Supply Depot  
  123  9:06  Terran Infantry Armor Level 2, Terran Infantry Weapons Level 2, Marine  
  124  9:11  Supply Depot  
  124  9:13  Siege Tank  
  124  9:18  Viking  
  126  9:28  Liberator  
  129  9:32  Marine x5  
  129  9:36  SCV  
  135  9:39  Supply Depot  
  135  9:43  Factory Tech Lab  
  135  9:44  SCV  
  136  9:46  Siege Tank  
  136  9:49  Barracks Tech Lab  
  129  9:53  Viking  
  129  9:54  Barracks Reactor, Barracks Tech Lab  
  129  9:55  SCV x2  
  129  9:56  SCV  
  129  9:57  Supply Depot  
  132  10:05  Siege Tank  
  135  10:07  SCV x2  
  135  10:08  Missile Turret, Marine  
  135  10:10  Marine  
  135  10:11  Viking, Marine  
  142  10:16  Stimpack, Marine x3  
  142  10:18  SCV, Missile Turret, Siege Tank  
  142  10:19  SCV  
  150  10:26  Marine  
  150  10:27  Missile Turret x2  
  150  10:28  Supply Depot, Sensor Tower  
  151  10:30  Missile Turret  
  151  10:32  Marine x2  
  153  10:41  Viking x2  
  153  10:42  Planetary Fortress  
  155  10:44  SCV x2  
  155  10:45  SCV  
  158  10:55  Missile Turret, Sensor Tower  
  158  10:56  SCV  
  158  10:57  SCV x2, Missile Turret  
  161  10:59  Refinery x2  
  161  11:01  Terran Vehicle Weapons Level 2  
  161  11:08  SCV  
  161  11:10  Siege Tank  
  165  11:11  Medivac x2  
  165  11:12  Marine x3  
  165  11:14  SCV x2, Missile Turret  
  165  11:17  Missile Turret  
  172  11:36  Marine x2  
  172  11:37  Siege Tank  
  159  11:42  Marine  
  159  11:44  Marine x4, Starport x2  
  159  11:45  Viking, Siege Tank  
  168  11:55  Combat Shield, Marine  
  168  11:56  Marine x2  
  168  11:58  Refinery  
  168  11:59  Marine  
  168  12:00  SCV x3  
  170  12:04  Supply Depot  
  164  12:08  Sensor Tower  
  164  12:12  SCV x2  
  164  12:13  SCV  
  165  12:18  Missile Turret  
  165  12:19  Command Center  
  165  12:20  Viking x2  
  165  12:21  Siege Tank x2  
  175  12:24  SCV  
  175  12:25  SCV x2  
  178  12:33  Command Center  
  178  12:35  Armory  
  178  12:36  SCV  
  166  12:54  Siege Tank  
  166  12:55  Siege Tank, Marine x2  
  169  13:00  Starport Tech Lab  
  169  13:01  SCV  
  170  13:09  Terran Infantry Weapons Level 3, Terran Infantry Armor Level 3  
  165  13:13  SCV  
  165  13:16  Viking x2  
  165  13:18  Terran Ship Weapons Level 1  
  170  13:20  Viking  
  170  13:26  Terran Vehicle And Ship Armor Level 1  
  174  13:32  Corvid Reactor, Starport Tech Lab  
  174  13:33  Marine x4  
  176  13:43  Marine x4  
  168  13:50  Marine  
  168  13:52  Marine x3  
  168  13:53  Siege Tank x2  
  170  14:01  Orbital Command, Marine x3  
  168  14:10  Raven  
  168  14:11  Raven  
  168  14:12  Medivac  
  168  14:13  Medivac  
  168  14:14  Marine x2  
  178  14:18  Marine x3  
  178  14:19  Marine  
  182  14:25  Siege Tank  
  185  14:32  Siege Tank  
  185  14:37  Missile Turret  
  188  14:38  Missile Turret  
  188  14:39  Missile Turret  
  188  14:41  Marine  
  188  14:42  Marine x2  
  191  14:53  Raven x2  
  191  14:54  Marine  
  190  15:03  Siege Tank  
  190  15:05  Marine x2  
  192  15:09  Planetary Fortress  
  192  15:13  Terran Vehicle Weapons Level 3  
  192  15:17  Refinery, Siege Tank  
  192  15:20  Refinery, Marine x2  
  197  15:22  Terran Vehicle And Ship Armor Level 2  
  197  15:23  Marine x2  
  199  15:30  Marine  
  200  15:41  Command Center  
  194  15:46  Siege Tank  
  177  15:53  Marine x5  
  177  15:54  Siege Tank, Raven x2  
  177  15:55  Marine  
  177  15:56  Marine  
  178  15:57  Viking  
  178  15:59  Marine  
  173  16:08  Command Center  
  173  16:11  Marine x5  
  174  16:13  Marine x2  
  174  16:14  Viking  
  174  16:16  Marine  
  174  16:18  Siege Tank, Starport  
  183  16:20  Starport  
  186  16:26  Siege Tank  
  186  16:27  Viking  
  186  16:28  Command Center  
  186  16:29  Sensor Tower  
  191  16:36  Sensor Tower  
  191  16:41  Raven  
  193  16:51  Siege Tank  
  196  16:58  Siege Tank  
  199  17:11  Starport Reactor, Starport Tech Lab  
  199  17:12  Command Center  
  196  17:34  Marine  
  197  17:39  Orbital Command  
  197  17:40  Planetary Fortress  
  197  17:41  Hi-Sec Auto Tracking, Neosteel Armor  
  192  17:45  Marine x4  
  192  17:47  Siege Tank x2  
  199  17:58  Terran Vehicle And Ship Armor Level 3, Terran Ship Weapons Level 2  
  194  18:23  Raven x3  
  194  18:24  Liberator x2  
  198  18:33  Siege Tank  
  191  18:36  Fusion Core  
  191  18:40  Marine x2  
  193  18:42  Siege Tank  
  193  18:44  Refinery x2  
  193  18:49  Liberator  
  193  18:50  Marine x4  
  193  18:51  Marine x2  
  193  18:53  Orbital Command  
  198  18:58  Marine x2  
  197  19:17  Sensor Tower  
  197  19:23  Liberator, Marine x6  
  197  19:24  Liberator, Advanced Ballistics  
  197  19:26  Marine  
  197  19:30  Marine  
  195  19:51  Siege Tank x2, Marine x4  
  183  19:53  Liberator x2  
  183  19:54  Marine x4  
  177  20:08  Marine  
  177  20:09  Marine x3  
  177  20:12  Marine x4  
  176  20:22  SCV  
  176  20:23  Siege Tank x2, Orbital Command  
  176  20:26  Marine x3  
  176  20:27  Marine  
  187  20:34  SCV  
  188  20:38  Battlecruiser  
  194  20:55  Siege Tank x2  
  191  21:05  Battlecruiser  
  191  21:06  SCV x5  
  191  21:09  SCV  
  197  21:21  SCV  
  196  21:27  Siege Tank  
  197  21:33  SCV  
  197  21:45  Battlecruiser, SCV  
  192  21:48  Battlecruiser  
  192  21:53  Orbital Command  
  197  21:57  SCV  
  197  21:58  Weapon Refit  
  197  21:59  Terran Ship Weapons Level 3  
  188  22:16  Orbital Command  
  188  22:21  SCV x3  
  190  22:29  Battlecruiser  
  193  22:32  Marine x5  
  193  22:33  SCV x2  
  196  22:53  Battlecruiser  
  196  22:57  Raven  
  190  23:07  Orbital Command  
  190  23:10  Marine  
  190  23:11  Marine x3  
  187  23:26  Unknown  
  183  23:33  Raven  
  182  23:37  Command Center x2  
  182  23:41  Battlecruiser  
  185  23:49  SCV x3, Sensor Tower  
  185  23:50  SCV x2  
  185  23:54  Missile Turret, Sensor Tower  
  190  23:57  Battlecruiser  
  190  24:01  SCV x2, Marine x3  
  183  24:04  Viking, Marine x2  
  183  24:05  Marine x2  
  184  24:21  SCV  
  184  24:22  SCV x4  
  186  24:33  SCV  
  186  24:34  SCV x4  
  186  24:35  Marine x3  
  194  24:40  Command Center x2  
Show
View Real Time Build Order
Export as new Build Order

ByuN Terran 

Build Orders:  

Get SALT Encoding   

  12  0:00  SCV  
  13  0:12  SCV  
  14  0:17  Supply Depot  
  14  0:24  SCV  
  15  0:39  SCV  
  15  0:40  Barracks  
  16  0:43  Refinery  
  16  0:51  SCV  
  16  0:53  Refinery  
  17  1:03  SCV  
  18  1:15  SCV  
  19  1:27  Reaper, Orbital Command  
  19  1:31  Supply Depot  
  20  1:40  Factory  
  20  1:52  SCV  
  21  1:59  Reaper  
  22  2:04  SCV  
  23  2:17  SCV  
  23  2:21  Command Center  
  24  2:26  Hellion  
  24  2:29  SCV  
  27  2:31  Barracks Reactor  
  27  2:41  SCV  
  27  2:43  Starport  
  28  2:48  Supply Depot  
  28  2:53  Widow Mine  
  28  2:55  SCV  
  31  3:09  Marine x2  
  31  3:10  SCV  
  34  3:14  Factory Tech Lab  
  34  3:20  Medivac  
  34  3:22  SCV  
  37  3:27  Marine x2  
  37  3:32  Orbital Command  
  39  3:34  SCV  
  38  3:42  Factory Tech Lab  
  38  3:48  Marine x2  
  37  3:53  SCV  
  38  3:58  SCV  
  38  3:59  Refinery  
  38  4:01  Raven  
  41  4:05  SCV  
  41  4:09  Siege Tank  
  45  4:10  SCV  
  45  4:11  Marine x2  
  45  4:14  Supply Depot  
  48  4:17  SCV  
  48  4:22  SCV  
  50  4:29  Supply Depot, Marine x2  
  50  4:30  SCV  
  53  4:35  SCV  
  54  4:41  Siege Tank  
  54  4:42  SCV  
  58  4:46  Marine  
  58  4:47  Marine  
  58  4:50  SCV  
  58  4:51  Raven  
  58  4:52  Supply Depot  
  63  4:54  SCV  
  64  5:05  SCV  
  64  5:06  SCV  
  66  5:08  Command Center, Marine x2  
  68  5:17  SCV  
  68  5:18  SCV  
  68  5:21  Siege Tank  
  70  5:24  Supply Depot, Refinery  
  70  5:26  Marine x2  
  72  5:29  SCV  
  72  5:30  SCV  
  72  5:34  Raven  
  76  5:36  Supply Depot  
  76  5:41  SCV  
  76  5:42  SCV  
  78  5:47  Marine x2  
  80  5:54  SCV x2  
  80  5:55  Barracks  
  80  5:56  Barracks  
  80  6:06  SCV x2, Marine x2  
  82  6:14  Engineering Bay  
  82  6:15  Engineering Bay  
  82  6:17  Siege Tank  
  82  6:18  SCV x2  
  86  6:23  Orbital Command  
  86  6:24  Supply Depot  
  87  6:30  SCV, Viking  
  87  6:31  SCV, Viking  
  87  6:32  Stimpack, Marine  
  94  6:41  Terran Infantry Armor Level 1, Terran Infantry Weapons Level 1  
  94  6:42  Barracks Reactor x2, SCV  
  94  6:43  SCV  
  94  6:46  Orbital Command  
  96  6:49  Supply Depot  
  96  6:54  SCV  
  96  6:55  SCV  
  96  6:59  Barracks  
  96  7:00  Barracks  
  98  7:02  Marine  
  98  7:06  SCV  
  98  7:07  SCV  
  97  7:09  Siege Tank  
  94  7:17  SCV  
  94  7:18  SCV  
  94  7:19  SCV  
  94  7:20  Marine x2  
  94  7:21  Marine x3  
  101  7:29  SCV  
  102  7:30  SCV  
  102  7:31  SCV  
  102  7:32  Armory  
  104  7:38  Marine x3  
  104  7:39  Marine x2  
  104  7:41  SCV, Armory, Sensor Tower  
  104  7:42  SCV  
  104  7:43  SCV  
  112  7:48  Barracks Reactor x2  
  112  7:52  Refinery x2  
  112  7:54  SCV  
  112  7:55  SCV x2  
  112  7:56  Marine x2  
  117  7:59  Supply Depot  
  117  8:00  Supply Depot, Marine x2  
  117  8:01  Marine  
  120  8:05  Siege Tank  
  120  8:06  SCV  
  120  8:12  Combat Shield  
  124  8:14  Marine  
  124  8:18  Supply Depot  
  124  8:19  Marine  
  126  8:20  Supply Depot  
  126  8:21  Marine x2  
  126  8:22  Command Center, Marine  
  129  8:28  Marine x4  
  129  8:32  Marine  
  124  8:35  Medivac x2  
  124  8:37  Marine  
  124  8:38  Siege Tank  
  124  8:39  Terran Infantry Weapons Level 2, Marine x2  
  124  8:40  Marine  
  135  8:45  Marine  
  136  8:48  Supply Depot  
  136  8:49  Marine  
  136  8:50  Supply Depot, Terran Infantry Armor Level 2, Marine x3  
  136  8:54  Marine  
  141  8:56  Terran Vehicle Weapons Level 1  
  141  9:02  Supply Depot, Factory  
  141  9:05  Marine x4  
  141  9:07  Marine x3  
  148  9:14  Marine x2  
  150  9:20  Siege Tank  
  150  9:23  Marine x4  
  157  9:25  Marine x2  
  157  9:26  Supply Depot  
  157  9:27  SCV x3  
  160  9:35  Marine x3  
  163  9:40  Marine  
  163  9:41  Marine  
  163  9:45  Marine  
  159  9:47  Marine x2  
  159  9:51  Medivac x2  
  161  9:53  Marine  
  161  9:54  Siege Tank  
  161  9:58  Planetary Fortress  
  161  9:59  SCV x3  
  160  10:00  Barracks x2  
  160  10:01  Barracks  
  160  10:02  Barracks Reactor  
  159  10:11  SCV x2, Siege Tank  
  164  10:16  Marine x6  
  164  10:17  Marine  
  164  10:19  Marine  
  164  10:21  Medivac x2  
  176  10:34  Marine  
  177  10:36  Marine x6  
  177  10:37  Marine  
  184  10:44  Siege Tank x2, Marine  
  184  10:45  Marine  
  189  10:51  Medivac x2  
  189  10:52  Marine  
  189  10:53  Barracks Reactor, Marine  
  189  10:54  Barracks Reactor, Marine  
  189  10:55  Barracks Reactor  
  197  11:01  Command Center  
  196  11:10  Marine  
  196  11:11  Marine x3  
  200  11:12  Terran Infantry Weapons Level 3, Terran Infantry Armor Level 3  
  200  11:30  Siege Tank  
  200  11:32  Marine  
  184  11:33  Siege Tank  
  184  11:34  Marine x2  
  184  11:36  Marine x2  
  184  11:37  Marine  
  184  11:38  Marine x7  
  171  11:40  Marine  
  171  11:41  Marine  
  171  11:42  Marine  
  174  11:50  Marine  
  174  11:52  Marine x2  
  174  11:53  Marine  
  168  11:54  Marine  
  168  11:55  Marine x2  
  168  11:56  Marine x4  
  174  12:03  Siege Tank, Marine x3  
  174  12:04  Marine  
  174  12:05  Siege Tank  
  182  12:09  Marine  
  182  12:10  Marine x2  
  182  12:11  Marine x2  
  182  12:12  Marine  
  182  12:15  Marine x6  
  187  12:20  Planetary Fortress  
  187  12:21  Marine x4  
  187  12:22  Missile Turret  
  191  12:27  Marine  
  191  12:28  Marine x2  
  191  12:29  Refinery, Marine x2  
  196  12:30  Refinery, Marine  
  196  12:32  Marine  
  196  12:33  Marine  
  196  12:35  Marine  
  194  12:52  Siege Tank  
  194  12:55  Marine  
  194  12:56  Siege Tank, Marine x4  
  194  12:57  Marine x6  
  200  13:04  Command Center  
  200  13:05  Command Center  
  191  13:24  Siege Tank  
  191  13:26  Command Center  
  194  13:28  Siege Tank  
  194  13:30  Starport  
  194  13:31  Starport  
  194  13:33  Command Center  
  171  13:52  Marine  
  171  13:53  Marine x7  
  171  13:54  Marine  
  171  13:55  Marine x3  
  150  13:56  Marine x2  
  150  13:57  Siege Tank, Marine  
  150  13:59  Marine  
  150  14:01  Siege Tank  
  150  14:02  Terran Vehicle Weapons Level 2  
  151  14:06  Command Center  
  151  14:07  Command Center  
  148  14:10  Marine  
  148  14:11  Marine x8  
  148  14:12  Medivac x2, Marine  
  148  14:13  Marine x2  
  148  14:14  Starport Reactor, Marine x2  
  148  14:15  Starport Reactor, Marine  
  148  14:17  Marine  
  159  14:19  Starport Tech Lab x2  
  160  14:28  Marine x4  
  160  14:29  Siege Tank, Marine x3  
  160  14:30  Marine  
  171  14:33  Marine x3  
  171  14:34  Marine x4  
  171  14:36  Marine  
  179  14:38  Orbital Command  
  179  14:41  Orbital Command  
  179  14:42  Medivac x2  
  177  14:47  Marine x6  
  177  14:51  Marine x2  
  184  14:56  Marine x2  
  184  14:57  Marine  
  184  14:58  Siege Tank, Marine  
  175  15:01  Marine  
  175  15:02  Marine x3  
  175  15:03  Siege Tank  
  175  15:04  Marine  
  175  15:05  Marine  
  161  15:08  Raven  
  161  15:10  Raven  
  165  15:15  Marine x4  
  165  15:18  Planetary Fortress  
  169  15:29  Marine x4  
  169  15:30  Marine x4  
  169  15:34  Marine x3  
  180  15:38  Siege Tank  
  180  15:41  Marine  
  180  15:42  Marine  
  182  15:46  Marine  
  182  15:47  Marine  
  182  15:48  Marine x3  
  182  15:49  Siege Tank, Marine  
  161  15:51  Marine x2  
  161  15:52  Marine  
  161  15:53  Marine x3  
  161  15:54  Marine  
  150  16:00  Medivac x2  
  150  16:02  Raven  
  150  16:03  Raven  
  154  16:07  Orbital Command  
  154  16:11  Orbital Command  
  153  16:19  Marine x6  
  153  16:24  Marine  
  153  16:25  Siege Tank, Marine x7  
  170  16:34  Medivac x2  
  170  16:39  Siege Tank  
  175  16:44  Corvid Reactor  
  175  16:45  Raven x2  
  179  16:47  Marine x4  
  182  16:58  Siege Tank  
  183  17:11  Siege Tank  
  183  17:15  Marine x7  
  193  17:28  Raven  
  192  17:30  Siege Tank  
  192  17:34  Marine x2  
  192  17:36  Marine  
  182  17:43  Siege Tank  
  182  17:44  Raven  
  176  17:47  Marine  
  176  17:48  Marine x4  
  176  17:50  Marine  
  177  17:54  Marine x10  
  177  17:55  Orbital Command  
  184  17:59  Orbital Command  
  184  18:00  Terran Vehicle Weapons Level 3  
  184  18:02  Siege Tank  
  184  18:04  Refinery  
  184  18:05  Refinery, Marine  
  188  18:06  Marine x4  
  188  18:07  Marine  
  188  18:12  Marine x5  
  192  18:15  Siege Tank  
  192  18:18  Marine x5  
  188  18:34  Siege Tank, Raven  
  188  18:37  Marine x2  
  188  18:39  Liberator  
  198  18:44  Marine x4  
  198  18:45  Marine x3  
  198  18:46  Marine  
  198  18:47  Orbital Command  
  198  18:48  Siege Tank  
  193  18:51  Marine  
  193  18:52  Marine x3  
  185  18:57  Marine  
  186  19:03  Medivac  
  186  19:05  Marine  
  186  19:06  Siege Tank, Marine x10  
  186  19:09  Marine  
  200  19:19  Medivac  
  200  19:20  Siege Tank  
  200  19:23  Medivac x2  
  190  19:31  Command Center x2  
  190  19:32  Marine x7  
  190  19:33  Liberator  
  197  19:38  Siege Tank  
  184  19:51  Marine  
  184  19:52  Siege Tank, Marine x6  
  177  19:53  Marine  
  177  19:55  Marine x5  
  178  20:05  Marine x3  
  177  20:09  Marine x3  
  177  20:10  Siege Tank, Marine  
  187  20:18  Hi-Sec Auto Tracking, Neosteel Armor, Marine x7  
  191  20:24  Siege Tank  
  193  20:31  Raven x2  
  191  20:42  Siege Tank  
  194  20:47  Orbital Command  
  194  20:48  Orbital Command  
  191  20:56  Siege Tank  
  176  21:14  Siege Tank  
  176  21:15  Marine x13  
  186  21:19  Medivac x2  
  190  21:28  Siege Tank  
  190  21:30  Marine  
  181  21:43  Marine x2  
  181  21:46  Siege Tank  
  181  21:47  Marine  
  171  21:49  Medivac x2  
  171  21:53  Medivac x2  
  179  21:55  Marine x3  
  179  21:56  Marine x2  
  179  21:58  Marine x3  
  179  22:00  Siege Tank  
  190  22:02  Command Center  
  190  22:04  Command Center  
  179  22:18  Marine x12  
  179  22:19  Medivac x2, Siege Tank  
  198  22:23  Medivac  
  180  22:32  Siege Tank  
  180  22:34  Marine x4  
  180  22:35  Viking  
  180  22:36  Marine x2  
  182  22:37  Marine x4  
  186  22:44  Marine x4  
  186  22:48  Marine  
  186  22:49  Viking  
  186  22:50  Marine  
  186  22:51  Siege Tank, Marine  
  193  22:52  Marine  
  193  22:53  Marine x3  
  193  22:54  Marine x2  
  193  22:55  Marine x3  
  180  22:58  Viking  
  180  23:01  Terran Vehicle And Ship Armor Level 1  
  180  23:04  Siege Tank  
  178  23:11  Marine  
  178  23:12  Marine x4  
  181  23:18  Marine  
  181  23:19  Marine  
  174  23:22  Viking x2  
  174  23:23  Siege Tank, Marine  
  178  23:30  Marine x8  
  178  23:33  Viking, Missile Turret x2  
  185  23:34  Missile Turret, Orbital Command x2  
  185  23:35  Missile Turret  
  185  23:36  Siege Tank, Marine  
  189  23:42  Marine  
  189  23:43  Marine x5  
  189  23:46  Refinery x2  
  191  23:55  Siege Tank  
  194  23:58  Marine x2  
  194  23:59  Marine  
  194  24:01  Marine  
  194  24:02  Orbital Command, Marine x2  
  159  24:03  Viking x2  
  159  24:04  Marine x4  
  159  24:05  Marine  
  159  24:08  Marine  
  159  24:09  Siege Tank  
  151  24:11  Viking  
  151  24:12  Orbital Command  
  142  24:20  Viking  
  144  24:27  Siege Tank  
  141  24:31  Marine  
  141  24:32  Marine x6  
Tags
 
Event
TSL 9
Matchup
TvT
Player
ByuNMaru
Race
Terran
Spawn Locations
Cross Positions
Add a new tag
Caveats
  • Supply blocks, unpowered buildings, or Contaminate may cause inaccurate times.
  • Supply counts are checked every 10 seconds.